 Dungeon Crawl Stone Soup version 0.22-a0-605-g9281fa2 (webtiles) character file.

5176 Amnesiac the Transmogrifier (level 10, -9/49 HPs)
             Began as a Spriggan Transmuter on July 8, 2018.
             Was a Priest of Sif Muna.
             Mangled by an orc warrior
             ... wielding a +0 glaive
              (23 damage)
             ... on level 9 of the Dungeon.
             The game lasted 00:22:20 (11989 turns).

Amnesiac the Transmogrifier (Spriggan Transmuter)  Turns: 11989, Time: 00:22:20

Health: -9/49      AC:  7    Str:  6    XL:     10   Next: 34%
Magic:  22/26      EV: 24    Int: 22    God:    Sif Muna [***...]
Gold:   531        SH:  0    Dex: 18    Spells: 8/31 levels left

rFire    . . .     SeeInvis +   K - +2 whip (elec)
rCold    . . .     Gourm    .   (shield restricted)
rNeg     + . .     Faith    .   J - +2 robe {rN+}
rPois    .         Spirit   .   M - +2 hat
rElec    .         Reflect  .   G - scarf {repulsion}
rCorr    .         Harm     .   (gloves unavailable)
MR       +....                  (boots unavailable)
Stlth    ++........             l - amulet of magic regeneration
HPRegen  0.16/turn              B - +5 ring of intelligence
MPRegen  0.45/turn              o - +1 ring of protection

@: repel missiles, very quick
A: very small, unfitting armour, see invisible, herbivore, speed 3, slow
metabolism 2
a: Divine Energy, Channel Magic, Renounce Religion


You were on level 9 of the Dungeon.
You worshipped Sif Muna.
Sif Muna was most pleased with you.
You were full.

You visited 2 branches of the dungeon, and saw 10 of its levels.

You collected 531 gold pieces.

Inventory:

Hand Weapons
 K - a +2 whip of electrocution (weapon)
Missiles
 D - a throwing net (quivered)
 E - 88 arrows
Armour
 b - a +0 robe
 p - a scarf of cloud immunity
 G - a scarf of repulsion (worn)
 J - a +2 robe of positive energy (worn)
 M - a +2 hat (worn)
Jewellery
 k - an uncursed ring of protection from magic
 l - an amulet of magic regeneration (around neck)
 o - a +1 ring of protection (right hand)
 x - an uncursed ring of protection from cold
 B - a +5 ring of intelligence (left hand)
Wands
 n - a wand of enslavement (12)
 q - a wand of random effects (18)
 C - a wand of polymorph (4)
 L - a wand of iceblast (13)
Scrolls
 a - 3 scrolls of teleportation {!r, unknown}
 d - 2 scrolls of fear {!r, unknown}
 e - 2 scrolls of enchant armour {!r}
 g - 4 scrolls of enchant weapon {!r}
 j - 4 scrolls of amnesia {!r}
 m - a scroll of remove curse {!r}
 s - 2 scrolls of magic mapping {!r}
 v - a scroll of identify {!r}
 y - a scroll of immolation {!r, unknown}
 A - 2 scrolls of silence {!r, unknown}
 H - a scroll of blinking {!r, unknown}
 I - a scroll of noise {!r, unknown}
Potions
 f - 2 potions of might {!q}
 h - 2 potions of magic {!q, unknown}
 i - 3 potions of lignification {!q}
 r - 2 potions of heal wounds {!q}
 t - 2 potions of agility {!q}
 u - 5 potions of curing {!q}
 w - a potion of berserk rage {!q, unknown}
 z - a potion of haste {!q}
 F - a potion of flight {!q}
 N - a potion of brilliance {!q, unknown}
Comestibles
 c - 10 rations


   Skills:
 - Level 4.0 Fighting
 - Level 8.0 Dodging
 - Level 2.4 Unarmed Combat
 - Level 11.0 Spellcasting
 * Level 13.1 Transmutations


You had 8 spell levels left.
You knew the following spells:

 Your Spells              Type           Power        Failure   Level  Hunger
a - Sticks to Snakes      Tmut           ######..     1%          2    None
b - Spectral Weapon       Hex/Chrm       ##......     16%         3    None
c - Blade Hands           Tmut           ######....   1%          5    ####...
d - Call Imp              Summ           ##......     9%          2    None
e - Mephitic Cloud        Conj/Pois/Air  ##......     16%         3    None
r - Regeneration          Chrm/Necr      ##........   16%         3    None
s - Conjure Flame         Conj/Fire      ##......     16%         3    None
v - Blink                 Tloc           N/A          9%          2    None

Your spell library contained the following spells:

 Spells                   Type           Power        Failure   Level  Hunger
 Magic Dart               Conj           ##..         5%          1    None
 Fireball                 Conj/Fire      ##........   83%         5    ####...
 Slow                     Hex            ##......     9%          2    None
 Throw Flame              Conj/Fire      ##....       9%          2    None
 Sticky Flame             Conj/Fire      ##......     47%         4    #......
 Spider Form              Tmut/Pois      #####.....   1%          3    None
 Ice Form                 Ice/Tmut       #####...     3%          4    #......
 Flame Tongue             Conj/Fire      ##...        5%          1    None
 Shroud of Golubria       Chrm/Tloc      ##........   9%          2    None
 Inner Flame              Hex/Fire       ##......     16%         3    None
 Beastly Appendage        Tmut           ######       1%          1    None
 Infusion                 Chrm           ##..         5%          1    None
 Song of Slaying          Chrm           ##......     9%          2    None


Dungeon Overview and Level Annotations

Branches:
Dungeon (9/15)             Temple (1/1) D:5
   Lair: D:8-11         Orc: D:9-12

Altars:
Ashenzari
Cheibriados
Dithmenos
Elyvilon
Fedhas
Gozag
Hepliaklqana
Kikubaaqudgha
Makhleb
Nemelex Xobeh
Okawaru
Qazlal
Ru
Sif Muna
Trog
Uskayaw
Vehumet
Wu Jian
Xom
Yredelemnul
Zin
The Shining One

Shops:
D:6 [


Innate Abilities, Weirdness & Mutations

You are very small and have problems with some larger weapons.
You are too small for most types of armour.
You have supernaturally acute eyesight. (SInv)
You are a herbivore.
You cover ground extremely quickly.
You need to consume almost no food.


Message History

Things that are here:
a spear x2; a gnoll corpse You closely miss the gnoll.
The gnoll is moderately wounded.
The gnoll closely misses you.
You hit the gnoll. Lightning courses through the gnoll!
You kill the gnoll!
Sif Muna accepts your kill.
Things that are here:
a club; 14 stones The orc warrior completely misses you.
Things that are here:
a spear x2; a gnoll corpse You see here a whip.
Casting: Mephitic Cloud (safe; 16% risk of failure)
Confirm with . or Enter, or press ? or * to list all spells.
Aiming: Mephitic Cloud (safe; 16% risk of failure)
Press: ? - help, Shift-Dir - straight line, f - orc warrior
Aim: an orc warrior, wielding a glaive and wearing a plate armour The ball explodes into a vile cloud!
The stinking cloud engulfs the orc warrior.
The stinking cloud engulfs the orc wizard.
You hear a bellow!
The orc warrior is engulfed in noxious fumes.
The orc wizard casts a spell.
The orc wizard blinks!
Unknown command.
Casting: Mephitic Cloud (safe; 16% risk of failure)
Confirm with . or Enter, or press ? or * to list all spells.
Aiming: Mephitic Cloud (safe; 16% risk of failure)
Press: ? - help, Shift-Dir - straight line, f/p - orc warrior
Aim: an orc warrior, wielding a glaive and wearing a plate armour (lightly wounded)
The ball explodes into a vile cloud!
The stinking cloud engulfs the orc warrior.
The orc warrior is lightly wounded.
You hear a bellow! x2
The orc warrior is engulfed in noxious fumes.
The orc warrior appears confused.
Unknown command.
Casting: Mephitic Cloud (safe; 16% risk of failure)
Confirm with . or Enter, or press ? or * to list all spells.
You draw out your weapon's spirit!
The orc warrior is engulfed in noxious fumes.
You hit the orc warrior but do no damage.
Lightning courses through the orc warrior!
The orc warrior is severely wounded.
The orc warrior is engulfed in noxious fumes.
The orc warrior appears confused.
No reachable target in view!
The orc warrior is engulfed in noxious fumes.
The orc warrior appears confused.
The orc warrior is engulfed in noxious fumes.
The orc warrior hits your spectral weapon with a glaive!
Your spectral weapon shares its damage with you!
You swap places.
You hit the orc warrior but do no damage.
The orc warrior is almost dead.
The orc warrior hits you with a glaive!
* * * LOW HITPOINT WARNING * * *
You catch the helpless orc warrior completely off-guard!
You hit the orc warrior but do no damage.
The orc warrior is almost dead.
The orc warrior hits you with a glaive!!
You die...

#.# #.# #.# #.# #.# #.#####
##### #.####.....# #...#
#.#..#.....# #...#########
#.#..#.....# #.......##...
#.#..#.....# #.......##...
#.#..#[....#####......)g'...
#)#..#.(..(@oo)'.....).##...
#.#..###########.....÷.##...
#.#.<..................##...
#.####........####[######...
#....'...(........>.........
######..........############
#.............#
#†...######...# #....# #...#


You could see an orc warrior (confused), an orc wizard and a friendly spectral
whip of electrocution.

Vanquished Creatures
  2 two-headed ogres
  Joseph (D:7)
  A hippogriff (D:9)
  Sigmund (D:4)
  Eustachio (D:4)
  A water moccasin (D:7)
  Duvessa (D:6)
  An orc warrior (D:6)
  A phantom (D:8)
  A sky beast (D:6)
  4 slaves
  A necrophage (D:9)
  3 ogres
  3 centaurs
  A bullfrog (D:6)
  A scorpion (D:4)
  Dowan (D:6)
  5 killer bees (D:8)
  2 electric eels (D:7)
  2 crimson imps
  2 jellies (D:6)
  2 centaur skeletons
  A gnoll shaman (D:9)
  6 orc priests
  4 iguanas
  Natasha (thrice) (D:3)
  6 orc wizards
  3 worker ants
  A hound skeleton (D:8)
  A worker ant zombie (D:8)
  7 gnolls
  13 adders
  2 oozes
  An adder zombie (D:8)
  A worm (D:2)
  2 dart slugs
  4 leopard geckos
  18 orcs
  9 giant cockroaches
  5 goblins
  7 hobgoblins
  5 jackals
  3 quokkas
  A ball python (D:2)
  8 bats
  6 frilled lizards
  7 kobolds
  A leopard gecko skeleton (D:9)
  15 rats
178 creatures vanquished.

Vanquished Creatures (collateral kills)
  Pikel (D:7)
  An orc warrior (D:7)
  An ice beast (D:5)
  A gnoll (D:6)
  2 adders
  A worm (D:2)
  A goblin (D:2)
  A jackal (D:3)
  A rat (D:2)
  A butterfly (D:3)
11 creatures vanquished.

Vanquished Creatures (others)
  3 spectral weapons
3 creatures vanquished.

Grand Total: 192 creatures vanquished

Notes
Turn   | Place    | Note
-------+----------+-------------------------------------------
     0 | D:1      | Amnesiac the Spriggan Transmuter began the quest for the Orb.
     0 | D:1      | Reached XP level 1. HP: 9/9 MP: 5/5
   384 | D:1      | Reached skill level 1 in Fighting
   392 | D:1      | Reached skill level 3 in Transmutations
   469 | D:1      | Reached XP level 2. HP: 14/14 MP: 4/6
   474 | D:1      | Learned a level 2 spell: Sticks to Snakes
  1360 | D:2      | Reached XP level 3. HP: 16/18 MP: 8/8
  2325 | D:2      | Reached XP level 4. HP: 21/23 MP: 5/10
  3195 | D:3      | Found a shimmering altar of Xom.
  3940 | D:3      | Noticed Natasha
  4088 | D:4      | Reached XP level 5. HP: 23/26 MP: 12/12
  4098 | D:4      | Learned a level 5 spell: Blade Hands
  4160 | D:4      | Noticed Eustachio
  4198 | D:4      | HP: 1/26 [river rat[Eustachio] (7)]
  4237 | D:4      | Killed Eustachio
  4237 | D:4      | Reached skill level 5 in Dodging
  4237 | D:4      | Reached XP level 6. HP: 11/32 MP: 12/14
  4419 | D:4      | Reached skill level 5 in Spellcasting
  4519 | D:4      | Found a transporter.
  4524 | D:4      | Found a transporter.
  4526 | D:4      | Noticed Sigmund
  4528 | D:4      | Noticed a two-headed ogre
  4553 | D:4      | Killed Sigmund
  4951 | D:3      | Killed Natasha
  4951 | D:3      | Reached XP level 7. HP: 27/36 MP: 16/16
  5111 | D:3      | Noticed Natasha
  5130 | D:3      | Killed Natasha
  5520 | D:3      | Noticed Natasha
  5534 | D:3      | Killed Natasha
  5602 | D:4      | Learned a level 2 spell: Blink
  5606 | D:4      | Learned a level 3 spell: Mephitic Cloud
  5610 | D:4      | Learned a level 3 spell: Conjure Flame
  5869 | D:5      | Entered Level 5 of the Dungeon
  6108 | D:4      | Found a snail-covered altar of Cheibriados.
  6125 | D:4      | Found a stormy altar of Qazlal.
  6347 | D:5      | Found a glowing golden altar of the Shining One.
  6457 | D:5      | Learned a level 2 spell: Call Imp
  7144 | D:5      | Found a staircase to the Ecumenical Temple.
  7153 | Temple   | Entered the Ecumenical Temple
  7235 | Temple   | Became a worshipper of Sif Muna the Loreminder
  7634 | D:4      | Reached XP level 8. HP: 42/42 MP: 18/20
  7732 | D:4      | Killed a two-headed ogre
  7732 | D:4      | Reached * piety under Sif Muna
  7732 | D:4      | Reached skill level 10 in Spellcasting
  8262 | D:6      | Found Furamuiv's Antique Armour Boutique.
  8345 | D:6      | Reached skill level 4 in Transmutations
  8391 | D:6      | Reached XP level 9. HP: 25/45 MP: 22/24
  8495 | D:6      | Reached skill level 5 in Transmutations
  8572 | D:6      | Learned a level 3 spell: Regeneration
  8576 | D:6      | Learned a level 3 spell: Spectral Weapon
  8691 | D:6      | Reached skill level 6 in Transmutations
  9306 | D:7      | Noticed Dowan
  9314 | D:7      | Noticed Duvessa
  9330 | D:7      | Noticed Joseph
  9354 | D:6      | Killed Dowan
  9391 | D:6      | Killed Duvessa
  9391 | D:6      | Reached ** piety under Sif Muna
  9430 | D:7      | Noticed Pikel
  9766 | D:7      | Killed Joseph
  9766 | D:7      | Reached skill level 8 in Transmutations
 10002 | D:7      | Reached skill level 9 in Transmutations
 10394 | D:7      | Found a sparkling altar of Nemelex Xobeh.
 10561 | D:7      | Killed Pikel
 10561 | D:7      | Reached skill level 10 in Transmutations
 10863 | D:8      | Found a radiant altar of Vehumet.
 10906 | D:8      | Found a hide-covered altar of Uskayaw.
 10979 | D:8      | Noticed a two-headed ogre
 11247 | D:8      | Reached skill level 11 in Transmutations
 11325 | D:8      | Killed a two-headed ogre
 11325 | D:8      | Reached *** piety under Sif Muna
 11325 | D:8      | Reached skill level 12 in Transmutations
 11325 | D:8      | Reached XP level 10. HP: 37/49 MP: 20/26
 11674 | D:9      | Reached skill level 13 in Transmutations
 11989 | D:9      | Mangled by an orc warrior

Vault maps used:
D:1:      dpeg_arrival_subterranean_lakeside_camping,
          hangedman_abyss_or_decor_stabs, minmay_small_reverse_x
D:2:      roderic_serpentine_path, palyth_stone_intersect, kennysheep_path_1,
          minmay_close_crescents
D:3:      xom_butterflies, first_ration, uniq_natasha
D:4:      cheibrodos_barr_body, gammafunk_temple_overflow_arena,
          serial_bayou_pond_c, kennysheep_doodads, uniq_sigmund, uniq_eustachio
D:5:      nicolae_tso_swordbearing_angel, minmay_temple_entry_mist
D:6:      serial_shops, nicolae_shop_competitors_out_of_business
D:7:      nemelex_altar_shiori, kennysheep_dice, uniq_duvessa, uniq_joseph,
          uniq_pikel
D:8:      lemuel_crystal_altar, basic_altar
D:9:      basic_altar, grunt_decor_resistance
Temple:   compressed_dpeg_circular_temple

Skill      XL: |  1  2  3  4  5  6  7  8  9 10 |
---------------+-------------------------------+-----
Fighting       | 1 2 3 4 |  4.0
Transmutations | 3 4 12 13 | 13.1
Spellcasting   | 3 4 5 7 10 11 | 11.0
Dodging        | 4 5 6 8 |  8.0
Unarmed Combat | |  2.4

Action                   |  1- 3 |  4- 6 |  7- 9 | 10-12 || total
-------------------------+-------+-------+-------+-------++-------
Melee: Unarmed           |   154 |       |       |       ||   154
       Kick              |    14 |       |       |       ||    14
       Headbutt          |    12 |     4 |       |       ||    16
       Whip              |       |   152 |   320 |    69 ||   541
       Punch             |       |       |     3 |       ||     3
 Cast: Beastly Appendage |    28 |     1 |       |       ||    29
       Sticks to Snakes  |     8 |     4 |     2 |       ||    14
       Call Imp          |       |       |    14 |       ||    14
       Mephitic Cloud    |       |       |    23 |     6 ||    29
       Conjure Flame     |       |       |    13 |       ||    13
       Spectral Weapon   |       |       |    16 |     7 ||    23
Evoke: Wand              |       |     3 |     8 |       ||    11
  Use: Scroll            |       |    11 |     3 |       ||    14
       Potion            |       |     1 |       |     1 ||     2
 Stab: Sleeping          |     2 |     1 |     3 |       ||     6
       Distracted        |     1 |       |     1 |     1 ||     3
       Paralysed         |       |     7 |       |       ||     7
       Confused          |       |       |     3 |     2 ||     5
  Eat: Ration            |     1 |     3 |     4 |       ||     8
Armor: Robe              |    17 |    11 |    27 |    15 ||    70
Dodge: Dodged            |   126 |   155 |   277 |    60 ||   618
       Deflected         |       |       |     4 |     1 ||     5

Table legend:
 A = Spawn XP
 B = Non-spawn XP
 C = Spawn XP percentage of total XP
 D = Spawn monster count
 E = Non-spawn monster count
 F = Spawn count percentage of total count
 G = Total turns spent on level
                    A         B        C        D         E        F      G
               +---------+---------+-------+---------+---------+-------+---------
         Total |       0 |    7395 |   0.0 |       0 |     184 |   0.0 | 11989
               +---------+---------+-------+---------+---------+-------+---------
           D:1 |       0 |      34 |   0.0 |       0 |      21 |   0.0 |  1161
           D:2 |       0 |     101 |   0.0 |       0 |      33 |   0.0 |  2031
           D:3 |       0 |     196 |   0.0 |       0 |      27 |   0.0 |  1744
           D:4 |       0 |    1938 |   0.0 |       0 |      28 |   0.0 |  1487
           D:5 |       0 |     213 |   0.0 |       0 |       6 |   0.0 |  1412
           D:6 |       0 |     968 |   0.0 |       0 |      19 |   0.0 |  1704
           D:7 |       0 |    1362 |   0.0 |       0 |      12 |   0.0 |  1356
           D:8 |       0 |    1637 |   0.0 |       0 |      18 |   0.0 |   531
           D:9 |       0 |     946 |   0.0 |       0 |      20 |   0.0 |   460
               +---------+---------+-------+---------+---------+-------+---------
